 Dungeon Crawl Stone Soup version 0.28-a0-1339-ga5422284a4 (webtiles) character file.

Game seed: 5156839406123718224

2403 Mamutox the Covert (level 9, -7/44 HPs)
             Began as a Spriggan Venom Mage on Dec 28, 2021.
             Was a Follower of Dithmenos.
             Mangled by a wyvern (17 damage)
             ... on level 7 of the Dungeon.
             The game lasted 00:38:01 (9569 turns).

Mamutox the Covert (Spriggan Venom Mage)            Turns: 9569, Time: 00:38:02

Health: -7/44      AC:  4    Str:  4    XL:     9   Next: 23%
Magic:  20/20      EV: 25    Int: 21    God:    Dithmenos [*.....]
Gold:   407        SH:  0    Dex: 15    Spells: 16/22 levels left

rFire   . . .      SeeInvis +   g - +0 dagger
rCold   . . .      Faith    .   (no shield)
rNeg    . . .      Spirit   .   a - +2 robe {Will+}
rPois   .          Reflect  .   (helmet restricted)
rElec   .          Harm     .   p - scarf {repulsion}
rCorr   .          Rampage  .   (gloves unavailable)
Will    ++...                   (boots unavailable)
Stlth   +++++.....              (no amulet)
HPRegen 0.14/turn               u - +4 ring of evasion
MPRegen 0.17/turn               (no ring)

@: on berserk cooldown, slowed, wreathed by umbra, repel missiles, quick
A: very small, no large weapons, unfitting armour, see invisible, speed 3
a: Renounce Religion


You were on level 7 of the Dungeon.
You worshipped Dithmenos.
Dithmenos was aware of your devotion.
You visited 2 branches of the dungeon, and saw 8 of its levels.

You collected 407 gold pieces.

Inventory:

Hand Weapons
 g - a +0 dagger (weapon)
 A - a +0 hunting sling
 F - a +0 shortbow
 J - a +0 short sword of speed
Missiles
 e - 293 stones
 j - 3 throwing nets
 k - 43 poisoned darts
 B - 5 boomerangs
 C - 10 boomerangs of dispersal
 D - 73 sling bullets
 G - 106 arrows
Armour
 a - a +2 robe of willpower (worn)
 p - a scarf of repulsion (worn)
Jewellery
 u - a +4 ring of evasion (left hand)
 L - a +4 ring of protection
 O - a ring of willpower
Wands
 q - a wand of charming (13)
 t - a wand of flame (6) (quivered)
 x - a wand of iceblast (11)
 y - a wand of digging (5)
Scrolls
 f - a scroll of silence {unknown}
 h - 4 scrolls of teleportation
 i - a scroll of fear
 l - 2 scrolls of blinking {unknown}
 m - 4 scrolls of identify {unknown}
 s - a scroll of enchant armour {unknown}
 v - a scroll of fog {unknown}
 w - 2 scrolls of magic mapping {unknown}
 K - 4 scrolls of immolation {unknown}
 M - a scroll of holy word {unknown}
 N - a scroll of noise {unknown}
Potions
 b - 3 potions of might {unknown}
 c - a potion of curing {unknown}
 d - a potion of magic {unknown}
 n - 2 potions of mutation {unknown}
 o - a potion of attraction {unknown}
 r - 2 potions of heal wounds
 z - a potion of resistance {unknown}
 E - a potion of berserk rage {unknown}
 H - a potion of haste {unknown}
 I - a potion of cancellation {unknown}
 P - a potion of flight {unknown}


   Skills:
 + Level 3.1 Fighting
 + Level 4.1 Short Blades
 + Level 7.6 Dodging
 + Level 9.1 Stealth
 + Level 7.2 Spellcasting
 - Level 1.3 Transmutations
 + Level 4.8 Poison Magic
 + Level 4.8 Evocations


You had 16 spell levels left.
You knew the following spells:

 Your Spells              Type           Power      Damage    Failure   Level
a - Sting                 Tmut/Pois      80%        1d7       2%          1
b - Poisonous Vapours     Pois/Air       34%        N/A       4%          2
c - Mephitic Cloud        Conj/Pois/Air  14%        N/A       13%         3

Your spell library contained the following spells:

 Spells                   Type           Power      Damage    Failure   Level
 Ignite Poison            Fire/Tmut/Pois 16%        N/A       11%         3
 Olgreb's Toxic Radiance  Pois           28%        N/A       12%         4
 Conjure Flame            Conj/Fire      7%         6-21      26%         3
 Petrify                  Tmut/Erth      10%        N/A       54%         4
 Sticky Flame             Conj/Fire      7%         2d3       65%         4
 Summon Ice Beast         Ice/Summ       7%         N/A       65%         4
 Metabolic Englaciation   Hex/Ice        3%         N/A       94%         5
 Summon Mana Viper        Hex/Summ       7%         N/A       94%         5
 Statue Form              Tmut/Erth      6%         N/A       100%        6
 Monstrous Menagerie      Summ           3%         N/A       100%        7


Dungeon Overview and Level Annotations

Branches:
Dungeon (7/15)             Temple (1/1) D:6

Altars:
Ashenzari
Cheibriados
Dithmenos
Elyvilon
Fedhas
Gozag
Hepliaklqana
Kikubaaqudgha
Makhleb
Nemelex Xobeh
Okawaru
Qazlal
Ru
Trog
Uskayaw
Vehumet
Wu Jian
Xom
Yredelemnul
The Shining One

Annotations:
D:4 3 runed translucent doors, Flippered's ghost, amateur DrFi
D:7 bmj180's ghost, novice DrCj


Innate Abilities, Weirdness & Mutations

You are very small and have problems with some larger weapons.
You are too small for most types of armour.
You have supernaturally acute eyesight. (SInv)
You cover ground extremely quickly. (Speed+++)


Message History

Ouch! That really hurt!
* * * LOW HITPOINT WARNING * * *
The wyvern closely misses you.
You hear an angry growl. x2
The wyvern completely misses you. The wyvern barely misses you.
You hear an angry growl.
The wyvern misses you.
There is a transporter here.
You enter the transporter and appear at another place.
The wyvern misses you. The ice beast completely misses you.
The wyvern completely misses you. The ice beast misses you.
The wyvern misses you.
You can't see any enemies this would affect, really read the scroll of fear?
Okay, then.
Okay, then.
Okay, then.
Okay, then.
It was a potion of heal wounds.
You feel much better. The wyvern completely misses you.
You hear an angry growl.
The ice beast misses you. The wyvern bites you.
The ice beast completely misses you.
You hear an angry growl.
The wyvern completely misses you. The ice beast barely misses you.
The wyvern closely misses you. The wyvern barely misses you.
The ice beast barely misses you. The wyvern completely misses you.
The ice beast misses you. The wyvern closely misses you.
The wyvern barely misses you.
The wyvern rages.
You hear an angry growl.
The wyvern misses you. The wyvern barely misses you.
The wyvern rages.
The wyvern bites you!
* * * LOW HITPOINT WARNING * * *
The wyvern rages.
The wyvern bites you!
You die...

# #.......# #....#....... #
#.#..####.#.... #.)..#.#.)...
####.............. #....#)....<.
.....#............ ....#...#...
####.#.######....######'##.......
#.##.#.######...............)#.).
.............................))>.
#.##.#.######..#..#.....#....#...
...............#@.#.....#....#...
#.##.#..######..#l#.....#....#...
.................Y......#....#...
#.###...#.....#.#.#.###.#......[.
......#.#.....'.........#....#..#
#######.#.....##..#.#####....#..#
........#.............# #.......#
########.....####©###..##.....)..
.........#####..###.##..#..###)##


You could see a wyvern (berserk) and an ice beast (berserk).

Vanquished Creatures
  Grinder (D:5)
  Menkaure (D:5)
  Duvessa (D:5)
  A sky beast (D:5)
  An orc warrior (D:6)
  An ogre (D:7)
  2 centaurs (D:5)
  2 kobold brigands (D:6)
  3 phantoms
  A gnoll sergeant (D:7)
  3 bullfrogs
  2 scorpions
  Dowan (D:5)
  2 jellies (D:6)
  3 gnoll shamans
  2 orc priests (D:7)
  3 hounds
  5 iguanas
  An orc wizard (D:6)
  A scorpion zombie (D:5)
  A howler monkey zombie (D:6)
  13 gnolls
  4 adders
  A white imp (D:7)
  3 ufetubi (D:5)
  An adder skeleton (D:3)
  A worm (D:4)
  2 dart slugs
  15 orcs
  6 bats
  6 endoplasms
  3 giant cockroaches
  5 goblins
  6 hobgoblins
  13 kobolds
  4 quokkas
  4 ball pythons
  2 frilled lizards
  3 rats
130 creatures vanquished.

Notes
Turn   | Place    | Note
-------+----------+-------------------------------------------
     0 | D:1      | Mamutox the Spriggan Venom Mage began the quest for the
                  | Orb.
     0 | D:1      | Reached XP level 1. HP: 9/9 MP: 5/5
   400 | D:1      | Reached XP level 2. HP: 13/13 MP: 4/7
   414 | D:1      | Found a faded altar of an unknown god.
   894 | D:1      | You fall into a shaft and drop 1 floor!
  1026 | D:2      | Reached XP level 3. HP: 16/16 MP: 2/8
  1106 | D:1      | Learned a level 2 spell: Poisonous Vapours
  1110 | D:1      | Learned a level 3 spell: Mephitic Cloud
  1448 | D:2      | Reached skill level 4 in Stealth
  1463 | D:2      | Reached XP level 4. HP: 21/21 MP: 2/10
  2420 | D:3      | Reached XP level 5. HP: 22/24 MP: 9/11
  2975 | D:4      | Reached skill level 1 in Short Blades
  3060 | D:3      | Reached skill level 5 in Stealth
  3240 | D:4      | Found a runed translucent gate.
  3241 | D:4      | Found a runed translucent gate.
  3242 | D:4      | Found a runed translucent gate.
  3243 | D:4      | Noticed Flippered's ghost (amateur DrFi)
  3472 | D:4      | Found a blossoming altar of Fedhas.
  3473 | D:4      | Found a sacrificial altar of Ru.
  3474 | D:4      | Found a broken altar of Ashenzari.
  3474 | D:4      | Found a shimmering altar of Xom.
  3605 | D:5      | Entered Level 5 of the Dungeon
  3675 | D:5      | Reached skill level 1 in Fighting
  3773 | D:5      | Noticed Grinder
  3801 | D:5      | Reached XP level 6. HP: 30/30 MP: 11/13
  3802 | D:5      | Paralysed by Grinder for 6 turns
  4050 | D:5      | Noticed a sky beast
  4096 | D:5      | Killed Grinder
  4097 | D:5      | Reached skill level 5 in Dodging
  4219 | D:5      | Killed a sky beast
  4220 | D:5      | Reached skill level 6 in Stealth
  4220 | D:5      | Reached skill level 5 in Spellcasting
  4220 | D:5      | Reached XP level 7. HP: 34/34 MP: 10/15
  4294 | D:5      | Noticed Menkaure
  4359 | D:6      | Reached skill level 7 in Stealth
  4390 | D:6      | Reached skill level 1 in Evocations
  4486 | D:6      | Identified the +2 leather armour "Curuhyul" {Slay+2}
  4543 | D:7      | Found a transporter.
  4604 | D:6      | Found a staircase to the Ecumenical Temple.
  4984 | D:6      | Reached XP level 8. HP: 39/39 MP: 18/18
  5054 | Temple   | Entered the Ecumenical Temple
  5235 | Temple   | Became a worshipper of Dithmenos the Shadowed
  5393 | D:6      | Found a white marble altar of Elyvilon.
  5681 | D:5      | Found a shimmering altar of Xom.
  5904 | D:5      | Found a snail-covered altar of Cheibriados.
  5927 | D:5      | Noticed Duvessa
  6001 | D:5      | Reached skill level 8 in Stealth
  6050 | D:5      | Noticed Dowan
  6058 | D:5      | Killed Dowan
  6292 | D:5      | Killed Duvessa
  7161 | D:4      | Reached * piety under Dithmenos
  7594 | D:5      | Killed Menkaure
  8444 | D:6      | Reached XP level 9. HP: 39/43 MP: 12/20
  8824 | D:7      | Reached skill level 9 in Stealth
  8985 | D:7      | Noticed a moth of wrath
  8985 | D:7      | Noticed bmj180's ghost (novice DrCj)
  9487 | D:7      | Found a transporter.
  9556 | D:7      | HP: 1/44 [wyvern (25)]
  9569 | D:7      | Mangled by a wyvern

Illustrated notes

Levels and vault maps discovered:
D:1:      matt_arrival_spirals, layout_basic,
          hellmonk_ecumenical_altar_prayer_group, serial_co_window_serial,
          co_window_paths_b, co_window_paths_a, co_window_paths_a,
          co_window_paths_b, co_window_paths_a, co_window_2corner,
          co_window_corner_cb, co_window_2corner, co_window_corner_cb,
          co_window_cross_4, co_window_4corner_b, glass_columns_c,
          glass_columns_c, glass_columns_a
D:2:      layout_basic
D:3:      layout_loops_ring
D:4:      minmay_spotlight, layout_cave_pods, mainiacjoe_overflow_alcove_3,
          ebering_ghost_rock_garden
D:5:      layout_loops_corners, hangedman_feature_mirror, uniq_menkaure,
          uniq_grinder, uniq_duvessa
D:6:      layout_loops_corners, elyvilon_altar_1, minmay_temple_entry_trees,
          st_stairs_4, corexii_corridor_pit, minmay_unpleasant_kobolds
D:7:      layout_basic, gammafunk_ghost_berserking_beasts
Temple:   regret_index_temple_waves

Skill      XL: |  1  2  3  4  5  6  7  8  9 |
---------------+----------------------------+-----
Dodging        | 3 4 5 6 7 |  7.6
Spellcasting   | 3 4 5 6 7 |  7.2
Stealth        | 4 5 6 7 8 9 |  9.1
Short Blades   | 1 2 3 4 |  4.1
Fighting       | 1 2 3 |  3.1
Evocations     | 2 4 |  4.8
Poison Magic   | 4 |  4.8
Transmutations | |  1.3

Action                   |  1- 3 |  4- 6 |  7- 9 || total
-------------------------+-------+-------+-------++-------
Melee: Dagger            |     7 |    34 |   161 ||   202
 Cast: Sting             |    43 |    63 |   144 ||   250
       Poisonous Vapours |       |     1 |    19 ||    20
       Mephitic Cloud    |       |       |     5 ||     5
Evoke: Wand              |       |       |     9 ||     9
  Use: Scroll            |       |     2 |       ||     2
       Potion            |       |       |     1 ||     1
 Stab: Sleeping          |     1 |    10 |    16 ||    27
       Distracted        |       |       |     2 ||     2
       Confused          |       |       |     3 ||     3
Armor: Robe              |     1 |     5 |    11 ||    17
Dodge: Dodged            |    10 |    27 |   196 ||   233
       Repelled          |       |       |     1 ||     1

Table legend: (Time is in decaauts)
 A = Elapsed time spent in this place.
 B = Non-inter-level travel time spent in this place.
 C = Inter-level travel time spent in this place.
 D = Time resting spent in this place.
 E = Time spent auto-exploring this place.
 F = Levels seen in this place.
 G = Mean time per level.
                   A        B        C        D        E       F      G
               +--------+--------+--------+--------+--------+-----+--------+
         Total |   6864 |   6764 |    100 |    437 |   4104 |   8 |  858.0 |
       Dungeon |   6670 |   6570 |    100 |    437 |   3939 |   7 |  952.9 |
        Temple |    193 |    193 |      0 |      0 |    165 |   1 |  193.0 |
               +--------+--------+--------+--------+--------+-----+--------+

Top non-repeatable levels by time:
     D:5: 1664 daAuts
     D:6: 1412 daAuts
     D:1: 850 daAuts
     D:4: 833 daAuts
     D:7: 748 daAuts
     D:2: 655 daAuts
     D:3: 504 daAuts
  Temple: 193 daAuts
